 Dungeon Crawl Stone Soup version 0.28-a0-239-g68911e0c57 (webtiles) character file.

Game seed: 12772791749204684105

3364 MacCMillion the Grappler (level 9, -5/133 HPs)
             Began as a Troll Monk on Aug 23, 2021.
             Was an Initiate of Gozag.
             Slain by a manticore (10 damage)
             ... on level 8 of the Dungeon.
             The game lasted 00:14:04 (5525 turns).

MacCMillion the Grappler (Troll Monk)               Turns: 5525, Time: 00:14:05

Health: -5/133     AC: 24    Str: 24    XL:     9   Next: 73%
Magic:  8/8        EV:  1    Int:  6    God:    Gozag
Gold:   228        SH:  0    Dex: 12    Spells: 8/8 levels left

rFire   . . .      SeeInvis +     - Unarmed
rCold   . . .      Faith    .   (no shield)
rNeg    + + +      Spirit   .   (armour currently unavailable)
rPois   +          Reflect  .   (helmet currently unavailable)
rElec   .          Harm     .   (cloak currently unavailable)
rCorr   .          Rampage  .   (gloves unavailable)
Will    .....      NoTele   +   (boots unavailable)
Stlth   ++........              B - amulet of regeneration
HPRegen 2.32/turn               c - ring of see invisible
MPRegen 0.11/turn               n - +4 ring of evasion

@: tree-form, spiked
A: stationary, stasis, torment immunity, boosted hp, large, unfitting armour,
(claws 3), regeneration 1, (shaggy fur 1), (tough skin 1)
a: Renounce Religion, Potion Petition, Call Merchant, Bribe Branch


You were on level 8 of the Dungeon.
You worshipped Gozag.
Gozag was aware of your devotion.
You were a tree.
You visited 1 branch of the dungeon, and saw 8 of its levels.

You collected 756 gold pieces.
You spent 528 gold pieces at shops.

Inventory:

Hand Weapons
 y - the +8 mace of Caock {freeze, *Slow rN+ Will+}
   (You found it on level 7 of the Dungeon)

   It freezes those it strikes, dealing additional cold damage.
   It can also slow down cold-blooded creatures.
   rN:        It protects you from negative energy.
   *Slow:     It may slow you when you take damage.
   Will:      It increases your willpower.
Armour
 a - a +0 robe (melded)
Jewellery
 c - a ring of see invisible (left branch)
 n - a +4 ring of evasion (right branch)
 s - an amulet of reflection
 B - an amulet of regeneration (around neck)
Wands
 m - a wand of digging (4)
 q - a wand of flame (11)
Scrolls
 b - 4 scrolls of teleportation {unknown}
 d - 3 scrolls of enchant weapon
 g - a scroll of torment {unknown}
 h - 4 scrolls of amnesia {unknown}
 k - 5 scrolls of noise {unknown}
 l - 9 scrolls of identify {unknown}
 p - a scroll of fear {unknown}
 r - a scroll of enchant armour {unknown}
 t - a scroll of magic mapping {unknown}
 u - a scroll of acquirement {unknown}
 w - a scroll of immolation {unknown}
 A - a scroll of fog
Potions
 e - 3 potions of lignification
 f - 2 potions of ambrosia
 i - 3 potions of curing {unknown}
 j - 3 potions of degeneration
 o - 2 potions of berserk rage {unknown}
 v - a potion of invisibility {unknown}
 x - a potion of brilliance {unknown}
 z - 2 potions of heal wounds {unknown}
 C - a potion of mutation {unknown}


   Skills:
 + Level 6.0 Fighting
 + Level 1.8 Maces & Flails
 + Level 6.0 Dodging
 - Level 1.0 Stealth
 * Level 10.4 Unarmed Combat


You had 8 spell levels left.
You didn't know any spells.
Your spell library contained the following spells:

 Spells                   Type           Power      Damage    Failure   Level
 Corona                   Hex            0%         N/A       45%         1
 Pain                     Necr           0%         1d4       45%         1
 Dazzling Flash           Conj/Hex       0%         N/A       83%         3
 Agony                    Necr           0%         N/A       100%        5
 Excruciating Wounds      Necr           0%         N/A       100%        5
 Metabolic Englaciation   Hex/Ice        0%         N/A       100%        5
 Necromutation            Tmut/Necr      0%         N/A       100%        8


Dungeon Overview and Level Annotations

Branches:
Dungeon (8/15)             Temple (0/1) D:7
   Lair: D:8-11

Altars:
Dithmenos
Gozag
Trog
Beogh

Shops:
D:2 *   D:7 *

Annotations:
D:6 3 runed translucent doors, hemabe71's ghost, novice HuAr


Innate Abilities, Weirdness & Mutations

You are a tree.
Your roots penetrate the ground, keeping you stationary.
You cannot be teleported.
You are immune to unholy pain and torment.
Your maximum health is greatly increased.
Your equipment is partially melded.
You are too large for most types of armour.
((You have claws for hands.))
Your natural rate of healing is unusually fast.
((You are covered in fur. (AC +1)))
((You have tough skin. (AC +1)))


Message History

You cannot move. (Use ctrl+direction or * direction to attack without moving.)
You cannot move. (Use ctrl+direction or * direction to attack without moving.)
You cannot move. (Use ctrl+direction or * direction to attack without moving.)
A manticore is nearby!
A manticore is nearby!
A manticore is nearby!
A manticore is nearby!
You swing at nothing.
You swing at nothing.
The manticore bites you!
* * * LOW HITPOINT WARNING * * *
The manticore claws you but does no damage. x2
You swing at nothing.
The manticore bites you.
* * * LOW HITPOINT WARNING * * *
The manticore claws you but does no damage. x2
You hit the manticore.
The manticore is lightly wounded.
The manticore bites you!
* * * LOW HITPOINT WARNING * * *
The manticore claws you.
* * * LOW HITPOINT WARNING * * *
The manticore claws you!
* * * LOW HITPOINT WARNING * * *
Okay, then.
You are too confused!
You cannot move. (Use ctrl+direction or * direction to attack without moving.)
You cannot move. (Use ctrl+direction or * direction to attack without moving.)
A manticore is nearby!
You swing at nothing.
You feel less invigorated.
You feel less confused.
The manticore bites you but does no damage.
The manticore claws you.
* * * LOW HITPOINT WARNING * * *
The manticore claws you but does no damage.
You hit the manticore. You punch the manticore!
The manticore is moderately wounded.
You hit the manticore but do no damage.
The manticore is moderately wounded.
The manticore bites you!
You die...
Your body crumbles into a pile of gold.

##<.....$.##.
#............#
##........##..#
#.....$...##..#
#....#.......# .
#......##....#..
##.........(....
####...........
#....♣..#...
#....H.## ..
#........
####.......
##.#......
#.##..### ###
#.# ..


You could see a manticore.

Vanquished Creatures
  Pikel (D:6)
  Grinder (D:4)
  Sigmund (D:5)
  Eustachio (D:4)
  A steam dragon (D:7)
  Menkaure (D:4)
  An orc warrior (D:5)
  3 sky beasts
  2 necrophages
  2 black bears
  Blork the orc (D:4)
  2 kobold brigands
  2 bullfrogs
  A scorpion (D:5)
  2 wyvern skeletons
  2 water moccasin skeletons
  4 wights
  2 howler monkeys (D:6)
  2 hounds
  A jelly (D:6)
  4 orc priests (D:5)
  A bullfrog skeleton (D:7)
  3 iguanas
  An orc wizard (D:5)
  2 hound skeletons
  A hound zombie (D:5)
  5 adders
  4 gnolls (D:5)
  A shadow imp (D:6)
  3 worms
  2 dart slugs
  15 orcs
  5 ball pythons
  7 endoplasms
  5 giant cockroaches
  5 hobgoblins
  2 jackals (D:5)
  14 kobolds
  5 quokkas
  5 bats
  8 frilled lizards
  7 goblins
  6 rats
144 creatures vanquished.

Notes
Turn   | Place    | Note
-------+----------+-------------------------------------------
     0 | D:1      | MacCMillion the Troll Monk began the quest for the Orb.
     0 | D:1      | Reached XP level 1. HP: 22/22 MP: 0/0
   190 | D:1      | Reached XP level 2. HP: 29/29 MP: 1/1
   534 | D:1      | Reached XP level 3. HP: 32/36 MP: 2/2
   911 | D:2      | Reached skill level 4 in Unarmed Combat
   989 | D:2      | Found Seblabu's Assorted Antiques.
  1076 | D:2      | Reached XP level 4. HP: 44/44 MP: 3/3
  1411 | D:3      | Found a faded altar of an unknown god.
  1655 | D:3      | You fall into a shaft and drop 1 floor!
  1762 | D:4      | Reached skill level 5 in Unarmed Combat
  1762 | D:4      | Reached XP level 5. HP: 47/50 MP: 4/4
  1776 | D:4      | Noticed a black bear
  1785 | D:4      | Killed a black bear
  1839 | D:4      | Found a bloodstained altar of Trog.
  1841 | D:4      | Noticed Menkaure
  1857 | D:5      | Entered Level 5 of the Dungeon
  1973 | D:5      | Reached XP level 6. HP: 43/61 MP: 5/5
  2069 | D:4      | Noticed Grinder
  2075 | D:4      | Paralysed by Grinder for 3 turns
  2081 | D:4      | Killed Grinder
  2082 | D:4      | Reached skill level 6 in Unarmed Combat
  2136 | D:4      | Noticed Blork the orc
  2143 | D:4      | Killed Blork the orc
  2144 | D:4      | Reached XP level 7. HP: 67/67 MP: 6/6
  2159 | D:4      | Noticed Eustachio
  2168 | D:4      | Killed Eustachio
  2169 | D:4      | Reached skill level 7 in Unarmed Combat
  2259 | D:4      | Found a shadowy altar of Dithmenos.
  2587 | D:4      | Killed Menkaure
  3083 | D:3      | Became a worshipper of Gozag Ym Sagoz the Greedy
  3386 | D:5      | Noticed Sigmund
  3399 | D:5      | Killed Sigmund
  3400 | D:5      | Reached XP level 8. HP: 54/79 MP: 7/7
  3405 | D:5      | Reached skill level 8 in Unarmed Combat
  3849 | D:5      | Got the Almanac of Evil Secrets and Beguiling
  4098 | D:6      | Noticed Pikel
  4103 | D:6      | Killed Pikel
  4104 | D:6      | Reached skill level 5 in Fighting
  4104 | D:6      | Reached skill level 5 in Dodging
  4104 | D:6      | Reached skill level 9 in Unarmed Combat
  4104 | D:6      | Reached XP level 9. HP: 88/88 MP: 8/8
  4613 | D:6      | Found a runed translucent gate.
  4613 | D:6      | Noticed hemabe71's ghost (novice HuAr)
  4614 | D:6      | Found a runed translucent gate.
  4615 | D:6      | Found a runed translucent gate.
  4926 | D:7      | Identified the +8 mace of Caock {freeze, *Slow rN+ Will+}
  4953 | D:7      | Found a staircase to the Ecumenical Temple.
  4957 | D:7      | Reached skill level 10 in Unarmed Combat
  5135 | D:7      | Reached skill level 1 in Maces & Flails
  5258 | D:7      | Found Ostyoth's General Store.
  5261 | D:7      | Bought a scroll of fog for 32 gold pieces
  5261 | D:7      | Bought a potion of degeneration for 16 gold pieces
  5261 | D:7      | Bought an amulet of regeneration for 480 gold pieces
  5508 | D:8      | Noticed a manticore
  5522 | D:8      | HP: 1/133 [manticore (8)]
  5525 | D:8      | Slain by a manticore

Illustrated notes

Levels and vault maps discovered:
D:1:      evilmike_arrival_crescent, layout_basic, minmay_tiny_reverse_x
D:2:      layout_basic, serial_shops, nicolae_shop_overgrown_old_shop,
          serial_bayou_ford_a
D:3:      layout_basic, hellmonk_ecumenical_altar_arch_garden
D:4:      layout_basic, mainiacjoe_overflow_catch_the_wave, uniq_grinder,
          uniq_menkaure, uniq_blork_the_orc, uniq_eustachio
D:5:      layout_basic, guppyfry_early_orc_mine, uniq_sigmund
D:6:      layout_basic, biasface_ghost_orc_armoury, uniq_pikel
D:7:      layout_rooms, minmay_temple_entry_statues_fountains, serial_shops,
          kennysheep_mini_moat
D:8:      cheibrodos_two_vegetables, layout_cave_pools,
          ploomutoo_gammafunk_ghost_potion_laboratory, uniq_psyche, uniq_maggie

Skill      XL: |  1  2  3  4  5  6  7  8  9 |
---------------+----------------------------+-----
Unarmed Combat | 4 5 6 7 9 10 | 10.4
Fighting       | 3 4 5 6 |  6.0
Dodging        | 3 4 5 6 |  6.0
Maces & Flails | 1 |  1.8
Stealth        | |  1.0

Action                   |  1- 3 |  4- 6 |  7- 9 || total
-------------------------+-------+-------+-------++-------
Melee: Unarmed           |    94 |   116 |   226 ||   436
       Punch             |     2 |     1 |     7 ||    10
  Use: Scroll            |       |       |     1 ||     1
       Potion            |       |       |     2 ||     2
 Stab: Sleeping          |     5 |     3 |     4 ||    12
       Distracted        |       |       |     1 ||     1
Armor: Robe              |    29 |    27 |    28 ||    84
       Skin              |       |       |     6 ||     6
Dodge: Dodged            |    36 |    64 |   148 ||   248

Table legend: (Time is in decaauts)
 A = Elapsed time spent in this place.
 B = Non-inter-level travel time spent in this place.
 C = Inter-level travel time spent in this place.
 D = Time resting spent in this place.
 E = Time spent auto-exploring this place.
 F = Levels seen in this place.
 G = Mean time per level.
                   A        B        C        D        E       F      G
               +--------+--------+--------+--------+--------+-----+--------+
         Total |   5477 |   5063 |    414 |      0 |   3959 |   8 |  684.6 |
       Dungeon |   5477 |   5063 |    414 |      0 |   3959 |   8 |  684.6 |
               +--------+--------+--------+--------+--------+-----+--------+

Top non-repeatable levels by time:
     D:4: 1109 daAuts
     D:6: 976 daAuts
     D:1: 897 daAuts
     D:5: 861 daAuts
     D:3: 619 daAuts
     D:7: 502 daAuts
     D:2: 492 daAuts
     D:8: 18 daAuts
